 Dungeon Crawl Stone Soup version 0.30.1-3-gfc49f6343a (webtiles) character file.

Game seed: 7923154714963919423

2206 booth the Thaumaturge (level 9, 0/64 HPs)
             Began as a Djinni Fire Elementalist on July 29, 2023.
             Was an Initiate of Ashenzari.
             Slain by an orc priest
             ... wielding a +0 flail
              (8 damage)
             ... on level 7 of the Dungeon.
             The game lasted 00:44:09 (6144 turns).

booth the Thaumaturge (Djinni Fire Elementalist)    Turns: 6144, Time: 00:44:09

Health: 0/64       AC:  3    Str: 13    XL:     9   Next: 60%
Gold:   341        EV: 14    Int: 19    God:    Ashenzari [......] SH:  0 Dex: 14

rFire   + + .        l - +1 whip (freeze)
rCold   x . .        (no shield)
rNeg    + . .        s - +1 robe of Ru's Supremacy {Drain rN+ Str+4}
rPois   ∞            (no helmet)
rElec   .            (no cloak)
rCorr   .            (no gloves)
SInv    .            (boots unavailable)
Will    .....        (no amulet)
Stlth   +++          (no ring)
HPRegen 0.30/turn    (no ring)
MPRegen 0.00/turn

%: infuse magic (-1 HP)
@: flying, studying Spellcasting
A: sickness immunity, fire resistance 2, cold vulnerability 1, float, innate
caster, HP casting, extra vitality 1
a: Renounce Religion


You were on level 7 of the Dungeon.
You worshipped Ashenzari.
Ashenzari was noncommittal.
You visited 2 branches of the dungeon, and saw 8 of its levels.

You collected 383 gold pieces.
You spent 42 gold pieces at shops.

Inventory:

Hand Weapons
 e - a +0 dagger of protection
 l - a +1 whip of freezing (weapon)
 o - a +1 hand axe of flaming
 u - a +0 heavy quarterstaff
Missiles
 g - 7 poisoned darts (quivered)
 r - 2 boomerangs of dispersal
Armour
 a - a +2 robe
 h - a +0 leather armour
 s - the +1 robe of Ru's Supremacy (worn) {Drain rN+ Str+4}
   (You took it off a gnoll on level 7 of the Dungeon)

   Str:       It affects your strength (+4).
   rN:        It protects you from negative energy.
   Drain:     It drains your maximum health when unequipped.
 t - a +1 ring mail of cold resistance
Wands
 d - a wand of polymorph (12)
 q - a wand of iceblast (6)
 v - a wand of digging (2)
 y - a wand of acid (6)
Scrolls
 c - 3 scrolls of teleportation
 f - 2 scrolls of vulnerability
 w - a scroll of poison
 x - a scroll of immolation
Potions
 b - a potion of flight
 i - a potion of brilliance
 j - 6 potions of curing
 k - 3 potions of heal wounds
 m - 2 potions of attraction
 n - a potion of haste
 p - a potion of lignification


   Skills:
 + Level 4.9 Fighting
 + Level 1.6 Maces & Flails
 + Level 6.3 Dodging
 + Level 5.1 Stealth
 * Level 8.4 Spellcasting


You knew the following spells:

 Your Spells              Type           Power      Damage    Failure   Level
a - Foxfire               Conj/Fire      100%       2x1d9     1%          1
b - Scorch                Fire           78%        2d8       1%          2
c - Volatile Blastmotes   Fire/Tloc      78%        2d16      1%          3
d - Inner Flame           Hex/Fire       39%        N/A       1%          3
e - Flame Wave            Conj/Fire      39%        2d11      2%          4
f - Apportation           Tloc           78%        N/A       1%          1
g - Poisonous Vapours     Pois/Air       78%        N/A       1%          2
h - Portal Projectile     Hex/Tloc       78%        N/A       1%          3
i - Stone Arrow           Conj/Erth      78%        3d11      1%          3
Your spell library was empty.

Dungeon Overview and Level Annotations

Branches:
Dungeon (7/15)             Temple (1/1) D:7

Altars:
Ashenzari
Cheibriados
Dithmenos
Fedhas
Gozag
Hepliaklqana
Makhleb
Nemelex Xobeh
Okawaru
Qazlal
Ru
Trog
Uskayaw
Xom
Yredelemnul
Zin

Shops:
D:3 *   D:4 !


Innate Abilities, Weirdness & Mutations

You are immune to sickness and miasma.
You are immune to poison.
Your flesh is very heat resistant. (rF++)
You are vulnerable to cold. (rC-)
You float through the air rather than walking.
You learn spells naturally, not from books.
Your magical power is your life essence.
You have superior vitality. (+4 MHP)


Message History

Confirm with . or Enter, or press ? or * to list all spells.
Flames lash the orc warrior.
The orc warrior is heavily wounded.
The orc warrior's fire resistance burns away.
The orc warrior closely misses you.
The orc warrior attacks as you move away!
The orc warrior hits you with a +0 war axe!
The orc priest invokes the aid of Beogh against you.
Beogh smites you!
The orc priest mumbles some strange prayers to Beogh against you.
Beogh smites you!
* * * LOW HITPOINT WARNING * * *
Casting: Scorch (safe; 1% risk of failure)
Confirm with . or Enter, or press ? or * to list all spells.
You conjure some foxfire!
* * * LOW HITPOINT WARNING * * *
The orc warrior misses you.
The orc warrior closely misses your foxfire.
The orc warrior hits your foxfire with a +0 war axe!
You hit the orc warrior. You freeze the orc warrior.
The orc warrior is severely wounded.
The orc warrior is no longer more vulnerable to fire.
The foxfire hits the orc warrior.
The orc warrior is severely wounded.
The foxfire hits the orc warrior but does no damage.
The orc warrior is severely wounded.
The orc priest invokes the aid of Beogh against you.
Beogh smites you!
* * * LOW HITPOINT WARNING * * *
You feel much better.
The orc warrior hits you with a +0 war axe!
Casting: Foxfire (safe; 1% risk of failure)
Confirm with . or Enter, or press ? or * to list all spells.
You conjure some foxfire!
The orc warrior closely misses you.
The orc warrior hits your foxfire with a +0 war axe!
The orc priest invokes the aid of Beogh against you.
Beogh smites you!
* * * LOW HITPOINT WARNING * * *
The orc priest hits you with a +0 flail!
You die...

#.##.##.# #.......# #
####<####### #.........
### ####
#########.....#.## ....
..# #......##...#.# #
.... #.# #.#......##.#...
.
#..#.###o#.##.#.##.###.##
#...Joo@v.##.#.##.....##
#..#.###v###.......###...
#. #.# #.# #..#.##.# ####
# .J# #......#.##.# ##..
....##.####.#
#.......#... #.# ####
#.....>.#.⌠.###.###...
#.......#...#.........
... ##.####.###...


You could see an orc warrior (ally target), a jelly and 2 orc priests.

Vanquished Creatures
  Pikel (D:4)
  3 water moccasins
  2 ice beasts
  A sky beast (D:7)
  5 ogres
  A centaur (D:7)
  A killer bee (D:7)
  2 hounds
  A gnoll bouda (D:7)
  An orc priest (D:4)
  2 jellies
  3 iguanas
  2 sleepcaps
  14 adders
  5 gnolls
  A shadow imp (D:6)
  2 white imps
  3 ufetubi
  2 worms
  A dart slug (D:1)
  4 orcs (D:4)
  7 ball pythons
  4 endoplasms
  4 giant cockroaches
  3 hobgoblins
  6 kobolds
  4 quokkas
  8 bats
  4 frilled lizards
  12 goblins
  2 rats
111 creatures vanquished.

Vanquished Creatures (others)
  219 foxfires
219 creatures vanquished.

Grand Total: 330 creatures vanquished

Notes
Turn   | Place    | Note
-------+----------+-------------------------------------------
     0 | D:1      | booth the Djinni Fire Elementalist began the quest for the
                  | Orb.
     0 | D:1      | booth set off with the following spells memorised: Foxfire,
                  | Scorch, Volatile Blastmotes, Inner Flame, Flame Wave.
     0 | D:1      | Reached XP level 1. HP: 15/15 MP: 0/0
   252 | D:1      | Reached XP level 2. HP: 19/21 MP: 0/0
   485 | D:1      | Reached XP level 3. HP: 22/25 MP: 0/0
   485 | D:1      | Learned a level 1 spell: Apportation
  1085 | D:2      | Reached XP level 4. HP: 28/31 MP: 0/0
  1198 | D:2      | Identified a scroll of acquirement
  1205 | D:2      | Acquired a manual of Spellcasting
  1336 | D:2      | Reached skill level 3 in Spellcasting
  1790 | D:3      | Reached skill level 1 in Fighting
  1958 | D:3      | Reached XP level 5. HP: 35/37 MP: 0/0
  1958 | D:3      | Learned a level 2 spell: Poisonous Vapours
  2054 | D:3      | Found Ritar's Assorted Antiques.
  2063 | D:3      | Bought a scroll of identify for 42 gold pieces
  2692 | D:4      | Noticed Pikel
  2693 | D:4      | Noticed a lemure
  2694 | D:4      | Noticed a lemure
  2695 | D:4      | Noticed a lemure
  2696 | D:4      | Noticed a lemure
  2719 | D:4      | Killed Pikel
  2720 | D:4      | Reached skill level 5 in Spellcasting
  2720 | D:4      | Reached XP level 6. HP: 27/45 MP: 0/0
  2720 | D:4      | Reached XP level 7. HP: 30/49 MP: 0/0
  2720 | D:4      | Learned a level 3 spell: Portal Projectile
  2876 | D:4      | Found Muvulytz's Distillery.
  3156 | D:4      | Reached skill level 6 in Spellcasting
  3156 | D:4      | Reached XP level 8. HP: 52/56 MP: 0/0
  3468 | D:4      | Reached skill level 5 in Dodging
  3507 | D:4      | Found a large runed translucent door.
  3508 | D:4      | Found a large runed translucent door.
  3641 | D:4      | Found an iron altar of Okawaru.
  3678 | D:5      | Entered Level 5 of the Dungeon
  4090 | D:5      | Reached skill level 7 in Spellcasting
  4215 | D:5      | Reached XP level 9. HP: 30/62 MP: 0/0
  4215 | D:5      | Learned a level 3 spell: Stone Arrow
  4857 | D:6      | Found a hide-covered altar of Uskayaw.
  5408 | D:7      | Found a staircase to the Ecumenical Temple.
  5420 | Temple   | Entered the Ecumenical Temple
  5508 | Temple   | Became a worshipper of Ashenzari the Shackled
  5584 | D:7      | Reached skill level 1 in Maces & Flails
  5645 | D:7      | Reached skill level 8 in Spellcasting
  5651 | D:7      | Reached skill level 5 in Stealth
  5897 | D:7      | Identified the +1 robe of Ru's Supremacy {Drain rN+ Str+4}
  6142 | D:7      | HP: 2/64 [orc priest/divine providence (11)]
  6144 | D:7      | Slain by an orc priest

Illustrated notes

Levels and vault maps discovered:
D:1:      dpeg_arrival_three_same_balls, layout_loops_ring, minmay_cut_off
D:2:      layout_loops_ring, nrook_uturn
D:3:      minmay_evil_eye, layout_basic, serial_shops, nicolae_square_shop
D:4:      layout_basic, jmf_multi_god_temple2, serial_shops,
          nicolae_shop_behind_doors, uniq_pikel
D:5:      layout_basic
D:6:      layout_basic, nicolae_uskayaw_dance_hall
D:7:      layout_loops_cross, elyvilon_altar_1,
          minmay_temple_entry_statues_fountains, minmay_ruined_shrine
Temple:   kb_temple_of_zot

Skill      XL: |  1  2  3  4  5  6  7  8  9 |
---------------+----------------------------+-----
Stealth        | 2 3 4 5 |  5.1
Dodging        | 3 4 5 6 |  6.3
Spellcasting   | 3 5 6 7 8 |  8.4
Fighting       | 1 2 3 4 |  4.9
Maces & Flails | 1 |  1.6

Action                     |  1- 3 |  4- 6 |  7- 9 || total
---------------------------+-------+-------+-------++-------
  Melee: Club              |     6 |       |       ||     6
         Dagger            |    13 |    44 |    33 ||    90
         Whip              |       |       |    13 ||    13
  Throw: Dart              |       |     4 |     2 ||     6
   Cast: Foxfire           |    41 |    24 |    69 ||   134
         Scorch            |     2 |    17 |    37 ||    56
         Poisonous Vapours |       |     1 |     3 ||     4
         Volatile Blastmot |       |       |     3 ||     3
         Flame Wave        |       |       |     1 ||     1
    Use: Scroll            |     2 |     5 |    10 ||    17
         Potion            |     1 |     3 |     4 ||     8
   Stab: Sleeping          |       |     1 |       ||     1
 Armour: Robe              |     3 |     8 |    13 ||    24
         Skin              |       |    13 |       ||    13
  Dodge: Dodged            |    27 |    22 |    64 ||   113
